 Dungeon Crawl Stone Soup version 0.30-a0-269-gf0224bf7b6 (webtiles) character file.

Game seed: 14906190376748152583

34915 purpskrrrp the Grappler (level 13, 0/144 HPs)
             Began as a Troll Fighter on Oct 14, 2022.
             Was a Priest of Fedhas.
             Slain by a 13-headed hydra (3 damage)
             ... on level 12 of the Dungeon.
             The game lasted 00:53:35 (14572 turns).

purpskrrrp the Grappler (Troll Fighter)            Turns: 14572, Time: 00:53:35

Health: 0/144      AC:  8    Str: 41    XL:     13   Next: 44%
Magic:  0/13       EV: 11    Int: 20    God:    Fedhas [***...]
Gold:   1057       SH: 12    Dex: 10    Spells: 12/12 levels left

rFire   + . .      SeeInvis +      - Unarmed
rCold   . . .      Faith    .    b - +2 kite shield
rNeg    . . .      Spirit   +    m - +4 robe of Augmentation {Str+4 Int+4 Dex+4}
rPois   .          Reflect  .    (helmet restricted)
rElec   +          Harm     .    (no cloak)
rCorr   .          Rampage  .    (gloves unavailable)
Will    .....                    (boots unavailable)
Stlth   +++.......               O - amulet of the Blushing Gods {Spirit rElec Int+4 SInv Stlth+}
HPRegen 1.24/turn                g - +6 ring of strength
MPRegen 0.13/turn                x - ring "Jiurph" {+Blink Int+8 Dex-3 Slay+4 Stlth+}

@: no status effects
A: large, unfitting armour, claws 3, regeneration 1, shaggy fur 1, tough skin 1,
fire resistance 1, low MP 1, robust 1, electricity resistance, subdued magic 1
a: Renounce Religion, Evoke Blink, Wall of Briars, Grow Ballistomycete


You were on level 12 of the Dungeon.
You worshipped Fedhas.
Fedhas was most pleased with you.
You visited 1 branch of the dungeon, and saw 15 of its levels.
You also visited: Sewer, Bailey and Gauntlet.

You collected 1428 gold pieces.
You spent 371 gold pieces at shops.

Inventory:

Hand Weapons
 C - a +4 giant spiked club
 H - a +0 demon blade
Missiles
 u - 3 javelins (quivered)
 E - 3 poisoned darts
Armour
 a - a +0 robe
 b - a +2 kite shield (worn)
 m - the +4 robe of Augmentation (worn) {Str+4 Int+4 Dex+4}
   (You found it on level 5 of the Dungeon)

   Str:       It affects your strength (+4).
   Int:       It affects your intelligence (+4).
   Dex:       It affects your dexterity (+4).
Jewellery
 d - an amulet of the acrobat
 g - a +6 ring of strength (left claw)
 h - an amulet of faith
 i - a +4 ring of protection
 x - the ring "Jiurph" (right claw) {+Blink Int+8 Dex-3 Slay+4 Stlth+}
   (You found it on level 10 of the Dungeon)

   [ring of slaying]

   Int:       It affects your intelligence (+8).
   Dex:       It affects your dexterity (-3).
   Slay:      It affects your accuracy & damage with ranged weapons and melee
   (+4).
   +Blink:    It lets you blink.
   Stlth:     It makes you more stealthy.
 y - a +4 ring of evasion
 F - a ring of flight
 G - a +4 ring of evasion
 J - a ring of protection from fire
 L - the ring of Bair {rElec MP+9}
   (You found it in a Gauntlet)

   [ring of magical power]

   rElec:     It insulates you from electricity.
   MP:        It affects your magic capacity (+9).
 M - an amulet of reflection
 N - the ring "Peettuom" {rN+ rCorr MP+9}
   (You found it in a Gauntlet)

   [ring of magical power]

   rN:        It protects you from negative energy.
   MP:        It affects your magic capacity (+9).
   rCorr:     It protects you from acid and corrosion.
 O - the amulet of the Blushing Gods (around neck) {Spirit rElec Int+4 SInv Stlth+}
   (You found it in a Gauntlet)

   [amulet of guardian spirit]

   It causes incoming damage to be divided between your reserves of health and
   magic.
   Int:       It affects your intelligence (+4).
   rElec:     It insulates you from electricity.
   SInv:      It lets you see invisible.
   Stlth:     It makes you more stealthy.
 P - the ring of Layfrain {AC+4 Int+4}
   (You found it in a Gauntlet)

   [ring of protection]

   AC:        It affects your AC (+4).
   Int:       It affects your intelligence (+4).
 R - a ring of wizardry
Wands
 f - a wand of flame (30)
 k - a wand of mindburst (22)
 s - a wand of iceblast (17)
Scrolls
 q - 4 scrolls of teleportation
 r - a scroll of torment {unknown}
 z - 2 scrolls of identify
 B - 2 scrolls of poison
 D - a scroll of magic mapping
 I - a scroll of silence {unknown}
Potions
 c - 2 potions of ambrosia
 e - 4 potions of mutation
 j - 11 potions of curing
 l - 3 potions of flight
 n - 4 potions of lignification
 o - a potion of might
 p - 4 potions of magic
 t - a potion of attraction
 v - 2 potions of brilliance
 w - 2 potions of haste
 A - 3 potions of cancellation
 K - a potion of invisibility {unknown}
 Q - a potion of heal wounds


   Skills:
 + Level 9.1 Fighting
 + Level 9.0 Dodging
 + Level 9.9 Shields
 * Level 14.5 Unarmed Combat
 + Level 4.8 Invocations


You had 12 spell levels left.
You didn't know any spells.
Your spell library contained the following spells:

 Spells                   Type           Power      Damage    Failure   Level
 Magic Dart               Conj           0%         1d3       30%         1
 Shock                    Conj/Air       0%         1d3       30%         1
 Summon Small Mammal      Summ           0%         N/A       30%         1
 Call Imp                 Summ           0%         N/A       43%         2
 Call Canine Familiar     Summ           0%         N/A       67%         3
 Ignite Poison            Fire/Tmut/Pois 0%         N/A       67%         3
 Inner Flame              Hex/Fire       0%         N/A       67%         3
 Kindle Blastsparks       Fire/Tloc/Air  0%         2d10      67%         3
 Mephitic Cloud           Conj/Pois/Air  0%         N/A       67%         3
 Summon Guardian Golem    Hex/Summ       0%         N/A       67%         3
 Swiftness                Air            0%         N/A       67%         3
 Airstrike                Air            0%         2d(0-16)  97%         4
 Cause Fear               Hex            0%         N/A       97%         4
 Summon Lightning Spire   Summ/Air       0%         N/A       97%         4
 Alistair's Intoxication  Tmut/Pois      0%         N/A       100%        5
 Borgnjor's Vile Clutch   Necr/Erth      0%         N/A       100%        5
 Freezing Cloud           Conj/Ice/Air   0%         6-21      100%        5
 Eringya's Noxious Bog    Tmut/Pois      0%         N/A       100%        6
 Storm Form               Tmut/Air       0%         N/A       100%        7
 Discord                  Hex            0%         N/A       100%        8
 Maxwell's Capacitive Co  Air            0%         ∞         100%        8


Dungeon Overview and Level Annotations

Branches:
Dungeon (15/15)            Temple (0/1) D:5            Lair (0/5) D:11
    Orc (0/2) D:12         Vaults (0/5) D:13          Sewer (visited)
 Bailey (visited)         Gauntlet (visited)
 Depths: D:15

Altars:
Dithmenos
Fedhas
Hepliaklqana
Makhleb
Nemelex Xobeh
Qazlal
Uskayaw
Wu Jian

Shops:
D:2 :   D:4 :   D:11 ?   D:12 ([

Annotations:
D:11 2 transporters


Innate Abilities, Weirdness & Mutations

You are too large for most types of armour.
You have claws for hands.
Your natural rate of healing is unusually fast.
You are covered in fur. (AC +1)
You have tough skin. (AC +1)
Your flesh is heat resistant. (rF+)
Your magical capacity is low. (-10% MP)
You are robust. (+10% HP)
You are resistant to electric shocks. (rElec)
Your spells are a little easier to cast, but a little less powerful.


Message History

You are too injured to fight recklessly!
You are too injured to fight recklessly!
You are too injured to fight recklessly!
You are too injured to fight recklessly!
You are too injured to fight recklessly!
You are too injured to fight recklessly!
You are too injured to fight recklessly!
You are too injured to fight recklessly!
You are too injured to fight recklessly!
You are too injured to fight recklessly!
You are too injured to fight recklessly!
You are too injured to fight recklessly!
You are too injured to fight recklessly!
You are too injured to fight recklessly!
You are too injured to fight recklessly!
You are too injured to fight recklessly!
You are too injured to fight recklessly!
You are too injured to fight recklessly!
You are too injured to fight recklessly!
The 13-headed hydra attacks as you move away!
The 13-headed hydra closely misses you.
The 13-headed hydra bites you but does no damage.
The 13-headed hydra completely misses you.
You block the 13-headed hydra's attack. The 13-headed hydra bites you! x2
* * * LOW HITPOINT WARNING * * *
The 13-headed hydra barely misses you. You block the 13-headed hydra's attack.
The 13-headed hydra bites you!
* * * LOW HITPOINT WARNING * * *
The 13-headed hydra bites you but does no damage.
You block the 13-headed hydra's attack. The 13-headed hydra bites you!
* * * LOW HITPOINT WARNING * * *
The 13-headed hydra bites you!
* * * LOW HITPOINT WARNING * * *
You fail to use your ability.
The 13-headed hydra bites you!
* * * LOW HITPOINT WARNING * * *
The 13-headed hydra bites you.
* * * LOW HITPOINT WARNING * * *
The 13-headed hydra bites you.
You die...
Fedhas appreciates your contribution to the ecosystem.

.. .........# #....# ..
#........# #...)# ..
+........# #....# ..
#........# #....# #.
#........# #....####
#........########....##.†
#......W.............#.##
+......D@............#.##
#.....##########.....##.#
#.^... #......... #.....
#......... #.....
#......... #...$.
####.....#### .......
............. ..((...
.............
##...........


You could see a 13-headed hydra and a shadow.

Vanquished Creatures
  A quicksilver ooze (Gauntlet)
  A minotaur (Gauntlet)
  A hydra (D:13)
  4 two-headed ogres
  A centaur warrior (D:13)
  2 boulder beetles
  A fire crab (Gauntlet)
  A sixfirhy (Gauntlet)
  7 skeletal warriors
  The ghost of glaedl the Unseen, a novice FeBe of Trog (D:11)
  A glowing orange brain (D:11)
  3 orc knights
  A deep elf pyromancer (D:15)
  A stone giant zombie (D:15)
  5 ugly things
  A manticore (D:11)
  Joseph (D:8)
  2 gargoyles
  2 kobold demonologists (Bailey)
  An unseen horror (D:13)
  A komodo dragon (shapeshifter) (Gauntlet)
  A freezing wraith (D:13)
  An efreet (D:13)
  2 meliai (Gauntlet)
  4 trolls
  2 raiju (Gauntlet)
  A hornet (D:9)
  A blink frog (shapeshifter) (D:11)
  A shadow (D:12)
  6 yaks
  A vampire (D:12)
  A wraith (D:9)
  A wyvern (D:11)
  4 fire bats (Gauntlet)
  Eustachio (D:5)
  A steam dragon (D:6)
  2 chaos spawn (Gauntlet)
  2 neqoxecs
  16 humans
  A redback (shapeshifter) (Gauntlet)
  4 vampire mosquitoes (D:11)
  Menkaure (D:5)
  2 wargs (D:11)
  2 acid dragons
  3 hell hounds (Gauntlet)
  Pargi (Sewer)
  18 orc warriors
  3 ice beasts
  2 sky beasts
  An ogre (shapeshifter) (D:11)
  3 black bears
  An ogre (D:7)
  A boggart (D:12)
  5 centaurs
  A bullfrog (D:8)
  3 kobold brigands (D:9)
  A necrophage (D:6)
  3 scorpions
  A scorpion (shapeshifter) (D:11)
  4 wights (D:8)
  13 killer bees
  7 electric eels (Bailey)
  9 howler monkeys
  3 jellies
  4 hounds
  5 orc priests
  4 gnoll boudas
  3 iguanas
  5 orc wizards
  A lightning spire (Gauntlet)
  25 gnolls
  2 adders
  A white imp (D:7)
  6 ufetubi
  2 worms (D:6)
  3 dart slugs
  25 orcs
  5 endoplasms
  3 giant cockroaches
  11 goblins
  8 hobgoblins
  2 jackals (D:1)
  25 kobolds
  2 quokkas
  6 ball pythons
  7 bats
  3 frilled lizards
  7 rats
345 creatures vanquished.

Vanquished Creatures (collateral kills)
  A hydra (D:15)
  An alligator (shapeshifter) (Gauntlet)
  A meliai (Gauntlet)
  2 ballistomycete spores
5 creatures vanquished.

Vanquished Creatures (others)
  A vampire (D:13)
  An ufetubus (D:6)
  3 ballistomycete spores (Gauntlet)
  9 fungi (Gauntlet)
  25 plants
  2 withered plants (D:15)
41 creatures vanquished.

Grand Total: 391 creatures vanquished

Notes
Turn   | Place    | Note
-------+----------+-------------------------------------------
     0 | D:1      | purpskrrrp the Troll Fighter began the quest for the Orb.
     0 | D:1      | Reached XP level 1. HP: 22/22 MP: 0/0
    69 | D:1      | Reached XP level 2. HP: 29/29 MP: 1/1
   548 | D:1      | Reached XP level 3. HP: 36/36 MP: 2/2
   874 | D:1      | Gained mutation: You are weak. (Str -2) [potion of
                  | mutation]
   874 | D:1      | Lost mutation: You are weak. (Str -2) [potion of mutation]
   874 | D:1      | Gained mutation: You have sharp toenails. [potion of
                  | mutation]
  1018 | D:2      | Found Kilin's Book Emporium.
  1408 | D:2      | Reached skill level 3 in Unarmed Combat
  1717 | D:3      | Identified the +3 ring mail "Naityoss" {rN+}
  1734 | D:3      | Found a faded altar of an unknown god.
  2120 | D:3      | Found an ornate altar of the Wu Jian Council.
  2346 | D:3      | Reached XP level 4. HP: 44/44 MP: 3/3
  2396 | D:3      | Prayed at the altar of an unknown god.
  2396 | D:3      | Became a worshipper of Fedhas Madash
  2396 | D:3      | Reached * piety under Fedhas
  2655 | D:4      | Noticed a scorpion
  2658 | D:4      | Killed a scorpion
  2659 | D:4      | Reached XP level 5. HP: 53/53 MP: 4/4
  2677 | D:4      | Reached skill level 4 in Unarmed Combat
  2714 | D:4      | Reached XP level 6. HP: 58/61 MP: 5/5
  2789 | D:4      | Found Fublasar's Book Emporium.
  3331 | D:5      | Entered Level 5 of the Dungeon
  3399 | D:5      | Found a staircase to the Ecumenical Temple.
  3484 | D:5      | Reached ** piety under Fedhas
  3490 | D:5      | Reached skill level 5 in Unarmed Combat
  3490 | D:5      | Reached XP level 7. HP: 56/68 MP: 6/6
  3492 | D:5      | Found the +4 robe of Augmentation {Str+4 Int+4 Dex+4}
  3530 | D:5      | Noticed Eustachio
  3536 | D:5      | Killed Eustachio
  3661 | D:5      | Reached skill level 6 in Unarmed Combat
  3684 | D:5      | Noticed Menkaure
  3689 | D:5      | Killed Menkaure
  3690 | D:5      | Reached XP level 8. HP: 46/78 MP: 7/7
  4847 | D:6      | Reached skill level 5 in Shields
  4996 | D:6      | Reached skill level 7 in Unarmed Combat
  5041 | D:6      | Found a glowing drain.
  5060 | Sewer    | Entered a sewer
  5150 | Sewer    | Noticed Pargi
  5155 | Sewer    | Killed Pargi
  5724 | D:7      | Reached *** piety under Fedhas
  5939 | D:7      | Reached skill level 5 in Fighting
  5947 | D:7      | Reached skill level 5 in Dodging
  5952 | D:7      | Reached XP level 9. HP: 68/88 MP: 8/8
  6488 | D:8      | Reached skill level 8 in Unarmed Combat
  6595 | D:8      | Found a shadowy altar of Dithmenos.
  6595 | D:8      | Found a hide-covered altar of Uskayaw.
  6639 | D:8      | Found a stormy altar of Qazlal.
  7130 | D:8      | Reached **** piety under Fedhas
  7144 | D:8      | Noticed Joseph
  7158 | D:8      | Killed Joseph
  7159 | D:8      | Reached skill level 9 in Unarmed Combat
  7233 | D:9      | Noticed a boulder beetle
  7246 | D:9      | Killed a boulder beetle
  7247 | D:9      | Reached XP level 10. HP: 84/98 MP: 9/9
  7264 | D:9      | Noticed a two-headed ogre
  7274 | D:9      | Killed a two-headed ogre
  7460 | D:9      | Reached skill level 10 in Unarmed Combat
  7542 | D:9      | Found a sparkling altar of Nemelex Xobeh.
  7723 | D:9      | Found a flagged portal.
  7732 | Bailey   | Entered a bailey
  7991 | Bailey   | Acquired 340 gold pieces
  8046 | Bailey   | Noticed an orc knight
  8052 | Bailey   | Reached ***** piety under Fedhas
  8083 | Bailey   | Killed an orc knight
  8114 | Bailey   | Noticed an orc knight
  8125 | Bailey   | Killed an orc knight
  8126 | Bailey   | Reached skill level 11 in Unarmed Combat
  8128 | Bailey   | Reached XP level 11. HP: 65/107 MP: 10/10
  8371 | Bailey   | Found an iron altar of Okawaru.
  8467 | Bailey   | Lost mutation: You have sharp toenails. [potion of
                  | mutation]
  8467 | Bailey   | Gained mutation: Your spells are a little easier to cast,
                  | but a little less powerful. [potion of mutation]
  8467 | Bailey   | Gained mutation: You are robust. (+10% HP) [potion of
                  | mutation]
  8467 | Bailey   | Gained mutation: Your flesh is heat resistant. (rF+)
                  | [potion of mutation]
  9156 | D:9      | Found a hazy altar of Hepliaklqana.
  9158 | D:9      | Found a burning altar of Makhleb.
  9192 | D:10     | Entered Level 10 of the Dungeon
  9355 | D:10     | Identified the ring "Jiurph" {+Blink Int+8 Dex-3 Slay+4
                  | Stlth+}
  9529 | D:10     | Noticed a purple ugly thing
  9537 | D:10     | Killed a purple ugly thing
  9599 | D:10     | Noticed a two-headed ogre
  9603 | D:10     | Killed a two-headed ogre
 10050 | D:11     | Noticed a flayed ghost
 10076 | D:11     | Noticed a skeletal warrior
 10081 | D:11     | Noticed a skeletal warrior
 10082 | D:11     | Noticed a skeletal warrior
 10100 | D:11     | Noticed a skeletal warrior
 10101 | D:11     | Found a runed translucent gate.
 10102 | D:11     | Found a runed translucent gate.
 10102 | D:11     | Found a runed translucent gate.
 10102 | D:11     | Noticed a brown ugly thing
 10102 | D:11     | Noticed a skeletal warrior
 10103 | D:11     | Noticed a glowing orange brain
 10103 | D:11     | Noticed a skeletal warrior
 10104 | D:11     | Noticed a cyan ugly thing
 10104 | D:11     | Noticed a skeletal warrior
 10206 | D:10     | Killed a skeletal warrior
 10258 | D:11     | Found a transporter.
 10266 | D:11     | Noticed a centaur warrior
 10266 | D:11     | Noticed a tengu warrior
 10282 | D:11     | Found a transporter.
 10299 | D:11     | Reached skill level 12 in Unarmed Combat
 10304 | D:11     | Killed a skeletal warrior
 10419 | D:11     | Noticed a brown ugly thing
 10430 | D:11     | Killed a skeletal warrior
 10512 | D:11     | Noticed a two-headed ogre
 10518 | D:11     | Killed a two-headed ogre
 10666 | D:11     | Found Nerobralle's Magic Scroll Emporium.
 10672 | D:11     | Bought a scroll of identify for 28 gold pieces
 10672 | D:11     | Bought a scroll of enchant weapon for 105 gold pieces
 10672 | D:11     | Bought a scroll of enchant weapon for 105 gold pieces
 10672 | D:11     | Bought a scroll of identify for 28 gold pieces
 10672 | D:11     | Bought a scroll of blinking for 105 gold pieces
 10764 | D:11     | Found a staircase to the Lair.
 10921 | D:11     | Killed a skeletal warrior
 10922 | D:11     | Reached skill level 1 in Invocations
 10922 | D:11     | Reached XP level 12. HP: 55/130 MP: 11/11
 11486 | D:11     | Found a runed translucent gate.
 11486 | D:11     | Found a runed translucent gate.
 11488 | D:11     | Noticed glaedl's ghost (novice FeBe)
 11490 | D:11     | Found a runed translucent gate.
 11505 | D:11     | Gained mutation: You are resistant to electric shocks.
                  | (rElec) [a neqoxec]
 11635 | D:11     | Gained mutation: Your magical capacity is low. (-10% MP) [a
                  | neqoxec]
 11654 | D:11     | Killed glaedl's ghost
 11655 | D:11     | Reached skill level 13 in Unarmed Combat
 11668 | D:11     | Reached ****** piety under Fedhas
 11846 | D:12     | Found Zuwule's Weapon Shoppe.
 11848 | D:12     | Found a staircase to the Orcish Mines.
 11849 | D:12     | Found Dozuragusch's Armour Shoppe.
 11936 | D:12     | You fall into a shaft and drop 3 floors!
 11936 | D:15     | Entered Level 15 of the Dungeon
 12025 | D:15     | Noticed a six-headed hydra
 12039 | D:15     | Killed a nine-headed hydra
 12241 | D:13     | Found a gate leading to a gauntlet.
 12253 | Gauntlet | Entered a Gauntlet
 12253 | Gauntlet | Found a transporter.
 12256 | Gauntlet | Found a large runed translucent door.
 12257 | Gauntlet | Found a large runed translucent door.
 12258 | Gauntlet | Found a large runed translucent door.
 12258 | Gauntlet | Found a large runed translucent door.
 12258 | Gauntlet | Found a runed translucent door.
 12258 | Gauntlet | Found a runed translucent door.
 12259 | Gauntlet | Found a large runed translucent door.
 12260 | Gauntlet | Found a large runed translucent door.
 12261 | Gauntlet | Found a large runed translucent door.
 12261 | Gauntlet | Found a large runed translucent door.
 12262 | Gauntlet | Found a large runed translucent door.
 12262 | Gauntlet | Found a large runed translucent door.
 12262 | Gauntlet | Found a large runed translucent door.
 12262 | Gauntlet | Found a large runed translucent door.
 12263 | Gauntlet | Found a large runed translucent door.
 12263 | Gauntlet | Found a large runed translucent door.
 12264 | Gauntlet | Found a large runed translucent door.
 12264 | Gauntlet | Found a transporter.
 12264 | Gauntlet | Found a large runed translucent door.
 12266 | Gauntlet | Found a transporter.
 12268 | Gauntlet | Found a transporter.
 12283 | Gauntlet | Found a runed translucent gate.
 12283 | Gauntlet | Found a runed translucent gate.
 12285 | Gauntlet | Found a transporter.
 12295 | Gauntlet | Found a runed translucent gate.
 12304 | Gauntlet | Found a transporter.
 12312 | Gauntlet | Found a transporter.
 12330 | Gauntlet | Found a transporter.
 12350 | Gauntlet | Found a transporter.
 12362 | Gauntlet | Found a transporter.
 12374 | Gauntlet | Found a transporter.
 12386 | Gauntlet | Found a transporter.
 12396 | Gauntlet | Noticed a quicksilver ooze
 12398 | Gauntlet | Found a transporter.
 12417 | Gauntlet | Found a transporter.
 12435 | Gauntlet | Found a transporter.
 12437 | Gauntlet | Found a transporter.
 12466 | Gauntlet | Found a transporter.
 12474 | Gauntlet | Found a transporter.
 12718 | Gauntlet | Identified the ring of Bair {rElec MP+9}
 12965 | Gauntlet | Identified the ring "Peettuom" {rN+ rCorr MP+9}
 12966 | Gauntlet | Noticed an alligator
 13010 | Gauntlet | Killed an alligator
 13011 | Gauntlet | Reached XP level 13. HP: 60/140 MP: 5/13
 13100 | Gauntlet | Identified the +9 long sword of Righteous Fury {flame, rF+
                  | rC- Will+ Int+3}
 13101 | Gauntlet | Identified the amulet of the Blushing Gods {Spirit rElec
                  | Int+4 SInv Stlth+}
 13221 | Gauntlet | Killed a quicksilver ooze
 13222 | Gauntlet | Reached skill level 14 in Unarmed Combat
 13231 | Gauntlet | Identified the ring of Layfrain {AC+4 Int+4}
 13275 | Gauntlet | Noticed a minotaur
 13296 | Gauntlet | Killed a minotaur
 13824 | D:13     | Found a gate to the Vaults.
 14572 | D:12     | HP: 5/144 [13-headed hydra (8)]
 14572 | D:12     | Slain by a 13-headed hydra

Illustrated notes

Levels and vault maps discovered:
D:1:      moated_graveyard_arrival, layout_basic, palyth_stone_intersect,
          minmay_misc_feat_plants
D:2:      layout_basic, serial_shops, shop
D:3:      layout_basic, mainiacjoe_overflow_24_doors,
          hellmonk_ecumenical_altar_inner_sanctum
D:4:      layout_loops_ring, serial_shops, kennysheep_little_box
D:5:      layout_layer_cave, minmay_temple_entry_mini_moons, uniq_eustachio,
          uniq_menkaure
D:6:      layout_basic, cheibrodos_sewer_entry_bend
D:7:      layout_loops_ring
D:8:      layout_loops_ring, gammafunk_temple_overflow_elements,
          mainiacjoe_overflow_paths, kennysheep_small_circle, uniq_joseph
D:9:      layout_stronghold, grunt_temple_overflow_diamond, enter_bailey_2,
          kennysheep_small_square
D:10:     layout_layer_cave, amcnicky_mini_rare_corridor_liquid,
          minmay_misc_feat_secret_circle
D:11:     gammafunk_sealed_arena, layout_loops_ring, erik_lair_orcish_takeover,
          serial_shops, nicolae_shop_stone,
          ploomutoo_gammafunk_ghost_potion_laboratory, serial_bayou_pond_d,
          hive_lemuel
D:12:     minmay_wavy_crystal, layout_irregular_city, orc_david_3,
          bh_walls_and_bars
D:13:     layout_layer_cave, david_vaults_3, gauntlet_entry_generic, drop_trap,
          uniq_kirke, uniq_urug
D:14:     layout_loops_cross, grunt_qazlal_clouds, grunt_ministairs_15,
          nrook_guardian_serpent_double, uniq_agnes
D:15:     gammafunk_depths_entry_grave, layout_cave_pods

Skill      XL: |  1  2  3  4  5  6  7  8  9 10 11 12 13 |
---------------+----------------------------------------+-----
Shields        | 3 4 5 6 7 8 9 |  9.9
Unarmed Combat | 3 4 5 6 7 9 11 12 13 14 | 14.5
Fighting       | 3 4 5 6 7 8 9 |  9.1
Dodging        | 3 4 5 6 7 8 9 |  9.0
Invocations    | 1 3 4 |  4.8

Action                   |  1- 3 |  4- 6 |  7- 9 | 10-12 | 13-15 || total
-------------------------+-------+-------+-------+-------+-------++-------
Melee: Unarmed           |   109 |    78 |   186 |   570 |   123 ||  1066
       Kick              |     4 |    16 |    43 |    49 |       ||   112
Throw: Javelin           |       |       |    23 |       |    21 ||    44
       Throwing net      |       |       |       |     3 |     1 ||     4
       Boomerang         |       |       |       |       |    25 ||    25
Invok: Overgrow          |       |       |       |     5 |     1 ||     6
       Grow Ballistomyce |       |       |       |       |     1 ||     1
 Abil: Evoke Blink       |       |       |       |       |     1 ||     1
  Use: Scroll            |     3 |     5 |    10 |    18 |     1 ||    37
       Potion            |     1 |       |       |    14 |     4 ||    19
 Stab: Sleeping          |       |       |     1 |     1 |       ||     2
       Confused          |       |       |       |     2 |       ||     2
Armor: Robe              |    37 |    18 |    48 |   141 |    51 ||   295
Dodge: Dodged            |    45 |    59 |    70 |   272 |    69 ||   515
Block: Kite shield       |    55 |    37 |    78 |   408 |   112 ||   690

Table legend: (Time is in decaauts)
 A = Elapsed time spent in this place.
 B = Non-inter-level travel time spent in this place.
 C = Inter-level travel time spent in this place.
 D = Time resting spent in this place.
 E = Time spent auto-exploring this place.
 F = Levels seen in this place.
 G = Mean time per level.
                   A        B        C        D        E       F      G
               +--------+--------+--------+--------+--------+-----+--------+
         Total |  14527 |  13371 |   1156 |   1458 |   7945 |  18 |  807.1 |
       Dungeon |  12307 |  11151 |   1156 |   1027 |   7399 |  15 |  820.5 |
         Sewer |    157 |    157 |      0 |      0 |    100 |   1 |  157.0 |
        Bailey |    745 |    745 |      0 |     64 |    289 |   1 |  745.0 |
      Gauntlet |   1317 |   1317 |      0 |    367 |    156 |   1 | 1317.0 |
               +--------+--------+--------+--------+--------+-----+--------+

Top non-repeatable levels by time:
    D:11: 1519 daAuts
     D:5: 1334 daAuts
Gauntlet: 1317 daAuts
     D:9: 1159 daAuts
    D:10: 1018 daAuts
     D:1: 931 daAuts
     D:4: 925 daAuts
     D:3: 922 daAuts
     D:6: 893 daAuts
     D:8: 818 daAuts
     D:7: 757 daAuts
  Bailey: 745 daAuts
    D:13: 622 daAuts
     D:2: 597 daAuts
    D:12: 588 daAuts
